 Dungeon Sprint DCSS version 0.29-a0-459-g97dee8cd24 (webtiles) character file.

Game seed: 364465486390691485

155 mhtbhm the Poker (level 5, 0/46 (48) HPs)
             Began as a Human Berserker on May 20, 2022.
             Was a Priest of Trog.
             Slain by a necrophage (5 damage)
             ... in the Dungeon (Sprint III: "The Ten Rune Challenge").
             The game lasted 00:01:08 (661 turns).

mhtbhm the Poker (Human Berserker)                   Turns: 661, Time: 00:01:09

HP:   0/46 (48)     AC:  3    Str: 19    XL:     5   Next: 63%
MP:   5/5           EV: 13    Int:  8    God:    Trog [***...]
Gold: 20            SH:  0    Dex: 12    Spells: 4/4 levels left

rFire   . . .      SeeInvis .   a - +0 spear
rCold   . . .      Faith    .   (no shield)
rNeg    . . .      Spirit   .   b - +0 animal skin
rPois   +          Reflect  .   (no helmet)
rElec   .          Harm     .   j - +0 cloak {rCorr}
rCorr   +          Rampage  .   (no gloves)
Will    .....      Clarity  +   (no boots)
Stlth   +......... NoTele   +   (no amulet)
HPRegen 0.15/turn               (no ring)
MPRegen 0.09/turn               (no ring)

@: lightly drained
A: clarity, poison resistance, screaming 1, MP-powered wands
a: Renounce Religion, Berserk, Trog's Hand


You were in the Dungeon.
You worshipped Trog.
Trog was most pleased with you.
You visited 1 branch You collected 20 gold pieces.

Inventory:

Hand Weapons
 a - a +0 spear (weapon)
Armour
 b - a +0 animal skin (worn)
 j - a +0 cloak of preservation (worn)
Scrolls
 h - a scroll of blinking
 i - a scroll of fear {unknown}
 l - a scroll of poison {unknown}
 m - 4 scrolls of identify
 n - a scroll of torment {unknown}
Potions
 c - 2 potions of curing
 d - 4 potions of heal wounds
 e - a potion of haste
 f - 2 potions of magic
 g - a potion of berserk rage
 k - 2 potions of mutation
 o - a potion of degeneration {unknown}
 p - 2 potions of might {unknown}


   Skills:
 + Level 7.0 Fighting
 + Level 7.6 Polearms
 + Level 3.3 Armour
 + Level 3.9 Dodging


You had 4 spell levels left.
You didn't know any spells.
Your spell library was empty.

Dungeon Overview and Level Annotations

Branches:
Dungeon (1/1)

Altars:
Dithmenos
Ru
Yredelemnul


Innate Abilities, Weirdness & Mutations

You possess an exceptional clarity of mind.
Your system is resistant to poisons. (rPois)
You occasionally shout uncontrollably at your foes.
You expend magic power (3 MP) to strengthen your wands.


Message History

There is an open door, spattered with blood here.
Things that are here:
a +0 dagger; a +0 robe You hit the necrophage but do no damage.
The necrophage completely misses you.
You hit the necrophage.
The necrophage is lightly damaged.
The necrophage barely misses you.
You barely miss the necrophage.
The necrophage is lightly damaged.
You hit the necrophage.
The necrophage is moderately damaged.
The necrophage hits you.
You barely miss the necrophage.
The necrophage is moderately damaged.
The necrophage barely misses you.
You hit the necrophage but do no damage.
The necrophage is moderately damaged.
The necrophage closely misses you.
You hit the necrophage.
The necrophage is moderately damaged.
You closely miss the necrophage.
The necrophage is moderately damaged.
The necrophage hits you!
You closely miss the necrophage.
The necrophage is moderately damaged.
The necrophage hits you.
* * * LOW HITPOINT WARNING * * *
You puncture the necrophage!
The necrophage is severely damaged.
You closely miss the necrophage.
The necrophage is severely damaged.
The necrophage hits you.
* * * LOW HITPOINT WARNING * * *
You feel drained.
* * * LOW HITPOINT WARNING * * *
You hit the necrophage.
The necrophage is severely damaged.
The necrophage hits you.
You die...

▓▓▓ # ##.# ####
#####..# #__#
.#..#..# #n_#
.#..#..###+#+###@##
.##'#..#..........#
.###...'.⌠........#
####...#...######+#
###....#.⌠.#
##.....#...#
#÷.....#+###
)#.....# ###....#


You could see a necrophage.

Vanquished Creatures
  A water elemental (D)
  Crazy Yiuf (D)
  Jessica (D)
  A necromancer (D)
  A human (D)
  3 rats (D)
8 creatures vanquished.

Notes
Turn   | Place    | Note
-------+----------+-------------------------------------------
     0 | D        | mhtbhm the Human Berserker began the quest for the Orb.
     0 | D        | Reached XP level 1. HP: 18/18 MP: 1/1
    26 | D        | Reached ** piety under Trog
    35 | D        | Noticed Jessica
    44 | D        | Killed Jessica
    45 | D        | Reached XP level 2. HP: 14/26 MP: 2/2
    45 | D        | Reached XP level 3. HP: 17/31 MP: 3/3
   232 | D        | Noticed Crazy Yiuf
   252 | D        | Reached skill level 5 in Fighting
   252 | D        | Reached skill level 5 in Polearms
   255 | D        | Killed Crazy Yiuf
   256 | D        | Reached XP level 4. HP: 25/40 MP: 4/4
   495 | D        | Gained mutation: You possess an exceptional clarity of
                  | mind. [potion of mutation]
   495 | D        | Gained mutation: Your system is resistant to poisons.
                  | (rPois) [potion of mutation]
   495 | D        | Gained mutation: You occasionally shout uncontrollably at
                  | your foes. [potion of mutation]
   495 | D        | Gained mutation: You expend magic power (3 MP) to
                  | strengthen your wands. [potion of mutation]
   498 | D        | Noticed a water elemental
   508 | D        | Killed a water elemental
   508 | D        | Reached *** piety under Trog
   509 | D        | Reached XP level 5. HP: 47/47 MP: 5/5
   634 | D        | Found a basalt altar of Yredelemnul.
   634 | D        | Found a shadowy altar of Dithmenos.
   634 | D        | Found a sacrificial altar of Ru.
   661 | D        | Slain by a necrophage

Illustrated notes

Levels and vault maps discovered:
D:        dungeon_sprint_mu [sprint_mu_entry_cave, sprint_mu_temple_rooms,
          sprint_mu_d1_spiders, sprint_mu_d2_genie, sprint_mu_d3_branching,
          sprint_mu_orc_legion, sprint_mu_elf_gauntlet, sprint_mu_hive_nellie,
          sprint_mu_lair_fedhas, sprint_mu_vaults_butterflies,
          sprint_mu_slime_circle, sprint_mu_shoals_archi,
          sprint_mu_snake_twists, sprint_mu_blade_basic, sprint_mu_crypt_lich,
          sprint_mu_tomb_spiral, sprint_mu_vestibule_basic,
          sprint_mu_gehenna_hellfire, sprint_mu_dis_giant,
          sprint_mu_tartarus_statrot, sprint_mu_cocytus_islands, sprint_mu_zot1]

Skill      XL: |  1  2  3  4  5 |
---------------+----------------+-----
Fighting       | 4 5 6 7 |  7.0
Polearms       | 4 6 7 |  7.6
Dodging        | 3 |  3.9
Armour         | 3 |  3.3

Action                   |  1- 3 |  4- 6 || total
-------------------------+-------+-------++-------
Melee: Spear             |    28 |    34 ||    62
Invok: Berserk           |     2 |     1 ||     3
  Use: Potion            |       |     1 ||     1
Armor: Animal skin       |     1 |       ||     1
Dodge: Dodged            |     7 |    14 ||    21

Table legend: (Time is in decaauts)
 A = Elapsed time spent in this place.
 B = Non-inter-level travel time spent in this place.
 C = Inter-level travel time spent in this place.
 D = Time resting spent in this place.
 E = Time spent auto-exploring this place.
 F = Levels seen in this place.
 G = Mean time per level.
                   A        B        C        D        E       F      G
               +--------+--------+--------+--------+--------+-----+--------+
         Total |    671 |    671 |      0 |    530 |     25 |   1 |  671.0 |
       Dungeon |    671 |    671 |      0 |    530 |     25 |   1 |  671.0 |
               +--------+--------+--------+--------+--------+-----+--------+

Top non-repeatable levels by time:
       D: 671 daAuts
